 Dungeon Crawl Stone Soup version 0.19.1 (webtiles) character file.

228 empire the Grave Robber (level 5, -3/35 HPs)
             Began as a Mummy Necromancer on Dec 20, 2016.
             Killed by divine providence
             ... invoked by an orc priest
              (13 damage)
             ... on level 3 of the Dungeon.
             The game lasted 00:08:57 (2782 turns).

empire the Grave Robber (Mummy Necromancer)         Turns: 2782, Time: 00:08:57

Health: -3/35      AC:  8    Str: 12    XL:     5   Next: 71%
Magic:  10/10      EV: 12    Int: 15    God:
Gold:   122        SH:  0    Dex: 12    Spells: 3 memorised, 2 levels left

rFire  x . .     SeeInvis .     a - +1 short sword
rCold  + . .     Gourm    .     Z - +1 animal skin
rNeg   + + +     Faith    .     (no shield)
rPois  ∞         Spirit   .     X - +0 helmet
rElec  .         Reflect  .     Y - +0 cloak
rCorr  .         Harm     .     W - +2 pair of gloves
MR     .....                    (no boots)
Stlth  ++........               (no amulet)
                                (no ring)
                                (no ring)

@: slowed, very slow
A: no food or potions, fire vulnerability, cold resistance 1, negative energy
resistance 3, torment resistance, unbreathing
a: no special abilities


You were on level 3 of the Dungeon.
You were not hungry.

You visited 1 branch of the dungeon, and saw 3 of its levels.

You collected 122 gold pieces.

Inventory:

Hand Weapons
 a - a +1 short sword (weapon)
Armour
 W - a +2 pair of gloves (worn)
 X - a +0 helmet (worn)
 Y - a +0 cloak (worn)
 Z - a +1 animal skin (worn)
Jewellery
 f - a +6 ring of intelligence {unknown}
Scrolls
 c - 2 scrolls of remove curse
 d - a scroll of magic mapping
 e - a scroll of identify
 g - 2 scrolls of enchant weapon
Books
 b - a book of Necromancy

   Spells                             Type                      Level
   a - Pain                           Necromancy                   1
   b - Animate Skeleton               Necromancy                   1
   c - Vampiric Draining              Necromancy                   3
   d - Regeneration                   Charms/Necromancy            3
   e - Animate Dead                   Necromancy                   4
   f - Control Undead                 Necromancy                   4
 h - a book of Minor Magic

   Spells                             Type                      Level
   a - Magic Dart                     Conjuration                  1
   b - Blink                          Translocation                2
   c - Call Imp                       Summoning                    2
   d - Repel Missiles                 Charms/Air                   2
   e - Slow                           Hexes                        2
   f - Conjure Flame                  Conjuration/Fire             3
   g - Mephitic Cloud                 Conjuration/Poison/Air       3


   Skills:
 - Level 1.5 Dodging
 - Level 1.5 Stealth
 - Level 3.4 Spellcasting
 + Level 6.2 Necromancy


You had 2 spell levels left.
You knew the following spells:

 Your Spells              Type           Power        Failure   Level  Hunger
a - Pain                  Necr           ###.         1%          1    N/A
b - Control Undead        Necr           ###.......   17%         4    N/A
c - Vampiric Draining     Necr           ###.......   4%          3    N/A

Dungeon Overview and Level Annotations

Branches:
Dungeon (3/15)

Altars:
Makhleb
Okawaru
Sif Muna
Uskayaw
Xom

Annotations:
D:3 Ijyb, Natasha


Innate Abilities, Weirdness & Mutations

You do not eat or drink.
Your flesh is vulnerable to fire.
You are immune to poison.
Your flesh is cold resistant. (rC+)
You are immune to negative energy. (rN+++)
You are immune to unholy pain and torment.
You can survive without breathing.


Message History

You climb downwards.
Level annotation: Ijyb, Natasha The orc closely misses you.
The orc hits you but does no damage. The orc barely misses you.
The kobold throws a stone.
The stone misses you.
The stone barely misses the orc.
The orc closely misses you.
There is a stone staircase leading up here.
The kobold throws a stone.
The stone hits you but does no damage.
You see here a stone.
The orc priest calls down the wrath of Beogh upon you.
Beogh smites you!
Natasha stares at you and mumbles some strange words.
You feel yourself slow down. The orc closely misses you.
The orc priest calls down the wrath of Beogh upon you.
You are unaffected.
The orc hits you with a club. Natasha casts a spell at you.
The magic dart hits you! The kobold hits you with a dagger.
* * * LOW HITPOINT WARNING * * *
The orc priest invokes the aid of Beogh against you.
Beogh smites you!
You die...

#.....†........#
#..............#
#####.#############
#.......######
#............#
#.......#.##.#
#########.##.#
#######
#.##.####o....#
####..÷@o.g...#
#÷###Ko....#
#....lh÷(..#
#.###..o.<(# #.#
#......#
#.###......#
#..........#
######.....#
#.....#


You could see Ijyb, an orc priest, Natasha, 3 orcs, a kobold and a frilled
lizard.

Vanquished Creatures
  Jessica (D:2)
  An orc wizard (D:2)
  Robin (D:3)
  7 adders
  An ooze (D:1)
  2 worms
  2 dart slugs
  4 leopard geckos
  2 giant cockroaches (D:3)
  22 goblins
  12 hobgoblins
  4 jackals (D:3)
  8 kobolds
  8 bats
  4 frilled lizards
  8 rats
87 creatures vanquished.

Notes
Turn   | Place    | Note
-------+----------+-------------------------------------------
     0 | D:1      | empire the Mummy Necromancer began the quest for the Orb.
     0 | D:1      | Reached XP level 1. HP: 13/13 MP: 3/3
   204 | D:1      | Reached XP level 2. HP: 19/19 MP: 0/5
   964 | D:2      | Noticed Jessica
   966 | D:2      | Reached XP level 3. HP: 24/24 MP: 7/7
   971 | D:2      | Killed Jessica
  1209 | D:2      | Found a hide-covered altar of Uskayaw.
  1219 | D:2      | Reached XP level 4. HP: 24/30 MP: 6/8
  1274 | D:2      | Found an iron altar of Okawaru.
  1364 | D:2      | Reached skill level 5 in Necromancy
  1527 | D:2      | Found a burning altar of Makhleb.
  1527 | D:2      | Found a shimmering altar of Xom.
  1685 | D:3      | Learned a level 4 spell: Control Undead
  1689 | D:3      | Learned a level 3 spell: Vampiric Draining
  1785 | D:3      | Noticed Robin
  1802 | D:3      | Reached XP level 5. HP: 34/35 MP: 1/10
  1904 | D:3      | Found a deep blue altar of Sif Muna.
  2020 | D:3      | Killed Robin
  2343 | D:3      | Reached skill level 6 in Necromancy
  2500 | D:3      | Noticed Ijyb
  2500 | D:3      | Noticed Natasha
  2782 | D:3      | Killed from afar by an orc priest

Skill      XL: |  1  2  3  4  5 |
---------------+----------------+-----
Spellcasting   | 3 |  3.4
Necromancy     | 5 6 |  6.2
Dodging        | |  1.5
Stealth        | |  1.5

Action                   |  1- 3 |  4- 6 || total
-------------------------+-------+-------++-------
Melee: Unarmed           |    15 |       ||    15
       Dagger            |    20 |       ||    20
       Short sword       |    15 |   117 ||   132
 Cast: Pain              |    42 |    87 ||   129
  Use: Scroll            |       |     6 ||     6
 Stab: Sleeping          |     4 |     1 ||     5
Armor: Robe              |     8 |    32 ||    40
       Animal skin       |       |    32 ||    32
Dodge: Dodged            |    46 |   121 ||   167
